 Dungeon Crawl Stone Soup version 0.28-a0-1128-gb845255321 (webtiles) character file.

Game seed: 9411183523814824927

33 LadyOphelia the Firebug (level 3, 0/29 HPs)
             Began as a Human Cinder Acolyte on Dec 12, 2021.
             Was a High Priest of Ignis.
             Succumbed to an adder's poison
             ... on level 2 of the Dungeon.
             The game lasted 00:06:49 (1096 turns).

LadyOphelia the Firebug (Human Cinder Acolyte)      Turns: 1096, Time: 00:06:50

Health: 0/29       AC:  2    Str: 14    XL:     3   Next: 47%
Magic:  4/4        EV: 11    Int: 16    God:    Ignis [*****.]
Gold:   54         SH:  0    Dex:  8    Spells: 2/4 levels left

rFire   + . .      SeeInvis .   a - -1 hand axe (flame)
rCold   . . .      Faith    .   (no shield)
rNeg    . . .      Spirit   .   b - +0 robe
rPois   .          Reflect  .   (no helmet)
rElec   .          Harm     .   (no cloak)
rCorr   .          Rampage  .   (no gloves)
Will    .....                   (no boots)
Stlth   +.........              (no amulet)
HPRegen 0.09/turn               (no ring)
MPRegen 0.09/turn               (no ring)

@: lethally poisoned (0 -> -9)
A: no striking features
a: Renounce Religion, Fiery Armour, Foxfire Swarm, Rising Flame


You were on level 2 of the Dungeon.
You worshipped Ignis.
Ignis was extremely pleased with you.
You visited 1 branch of the dungeon, and saw 2 of its levels.

You collected 54 gold pieces.

Inventory:

Hand Weapons
 a - a -1 hand axe of flaming (weapon)
Armour
 b - a +0 robe (worn)
Scrolls
 c - 2 scrolls of identify {unknown}
 d - a scroll of magic mapping {unknown}


   Skills:
 + Level 3.3 Fighting
 + Level 3.3 Axes
 - Level 0.4 Dodging
 * Level 1.0 Spellcasting
 + Level 3.5 Fire Magic


You had 2 spell levels left.
You knew the following spells:

 Your Spells              Type           Power      Damage    Failure   Level
a - Scorch                Fire           24%        2d6       9%          2

Your spell library contained the following spells:

 Spells                   Type           Power      Damage    Failure   Level


Dungeon Overview and Level Annotations

Branches:
Dungeon (2/15)

Altars:


Message History

The ball python hisses angrily.
The adder misses you. The goblin closely misses you.
You barely miss the adder.
The adder is moderately wounded.
You closely miss the goblin. The adder barely misses you.
The goblin hits you with a +0 club. The adder misses you.
You hit the adder. You burn the adder.
The adder is heavily wounded.
You hit the goblin but do no damage. The adder bites you but does no damage.
The goblin barely misses you.
You closely miss the adder.
The adder is heavily wounded.
You barely miss the goblin. The adder closely misses you.
The goblin hits you with a +0 club. The adder bites you.
You hit the adder but do no damage.
The adder is heavily wounded.
You closely miss the goblin. The goblin barely misses you.
The adder closely misses you.
You hit the adder but do no damage.
The adder is heavily wounded.
You barely miss the goblin. The goblin hits you with a +0 club.
The adder bites you.
You are poisoned.
The adder poisons you! The ball python closely misses you.
The ball python grabs you. The ball python constricts you.
The goblin hits you with a +0 club.
You barely miss the adder.
The adder is heavily wounded.
You completely miss the ball python. You closely miss the goblin.
You feel sick. The ball python bites you. The ball python constricts you.
The adder bites you.
* * * LOW HITPOINT WARNING * * *
You are lethally poisoned!
The adder poisons you! The goblin hits you with a +0 club.
* * * LOW HITPOINT WARNING * * *
You miss the adder.
The adder is heavily wounded.
You barely miss the goblin. You hit the ball python. You burn the ball python.
You kill the ball python!
You die...

#.#...######
#<<†........ ###
#......##### # ..
##.....#
..###.#######....##
#................####
#..................#
#...g######.#####.#
#...@#####.# #
##.#S...#..### #
##........#
##.#.......#
####.#.......
####.#.### ...# ...#
.#.#


You could see an adder and a goblin.

Vanquished Creatures
  A gnoll (D:1)
  A dart slug (D:1)
  4 ball pythons
  A bat (D:1)
  3 endoplasms
  A giant cockroach (D:1)
  2 hobgoblins (D:1)
  2 kobolds (D:1)
  A quokka (D:2)
  A frilled lizard (D:1)
  A goblin (D:1)
  2 rats (D:1)
20 creatures vanquished.

Vanquished Creatures (others)
  2 plants (D:1)
2 creatures vanquished.

Grand Total: 22 creatures vanquished

Notes
Turn   | Place    | Note
-------+----------+-------------------------------------------
     0 | D:1      | LadyOphelia the Human Cinder Acolyte began the quest for
                  | the Orb.
     0 | D:1      | Reached XP level 1. HP: 18/18 MP: 2/2
   255 | D:1      | Reached XP level 2. HP: 17/24 MP: 3/3
   433 | D:1      | Reached XP level 3. HP: 25/29 MP: 4/4
   690 | D:1      | Learned a level 2 spell: Scorch
  1096 | D:2      | Succumbed to an adder's poison

Illustrated notes

Levels and vault maps discovered:
D:1:      dpeg_arrival_refuge, layout_basic, serial_bayou_pond_c
D:2:      layout_loops_ring, nicolae_figureground_pulse

Action                   || total
-------------------------++-------
Melee: Hand axe          ||    53
Invok: Fiery Armour      ||     1
Armor: Robe              ||    12
Dodge: Dodged            ||    32

Table legend: (Time is in decaauts)
 A = Elapsed time spent in this place.
 B = Non-inter-level travel time spent in this place.
 C = Inter-level travel time spent in this place.
 D = Time resting spent in this place.
 E = Time spent auto-exploring this place.
 F = Levels seen in this place.
 G = Mean time per level.
                   A        B        C        D        E       F      G
               +--------+--------+--------+--------+--------+-----+--------+
         Total |   1104 |   1086 |     18 |      0 |    830 |   2 |  552.0 |
       Dungeon |   1104 |   1086 |     18 |      0 |    830 |   2 |  552.0 |
               +--------+--------+--------+--------+--------+-----+--------+

Top non-repeatable levels by time:
     D:1: 1012 daAuts
     D:2: 91 daAuts
